 Seeded DCSS version 0.28.0-1-gb440e238dd (webtiles) character file.

Game seed: 1 (custom seed)

199 lonewolfV2 the Skirmisher (level 5, -3/48 HPs)
             Began as a Hill Orc Fighter on Feb 20, 2022.
             Was an Initiate of Beogh.
             Slain by Grinder (4 damage)
             ... on level 3 of the Dungeon.
             The game lasted 00:10:29 (2390 turns).

lonewolfV2 the Skirmisher (Hill Orc Fighter)        Turns: 2390, Time: 00:10:29

Health: -3/48      AC:  7    Str: 19    XL:     5   Next: 77%
Magic:  5/5        EV:  9    Int:  8    God:    Beogh [......]
Gold:   68         SH:  4    Dex: 10    Spells: 4/4 levels left

rFire   . . .      SeeInvis .   a - +0 war axe
rCold   . . .      Faith    .   c - +0 buckler
rNeg    . . .      Spirit   .   b - +0 scale mail
rPois   .          Reflect  .   (no helmet)
rElec   .          Harm     .   (no cloak)
rCorr   .          Rampage  .   (no gloves)
Will    .....                   (no boots)
Stlth   ..........              (no amulet)
HPRegen 0.16/turn               h - ring of wizardry
MPRegen 0.09/turn               (no ring)

@: mighty, studying Air Magic
A: screaming 1, weak 1
a: Renounce Religion


You were on level 3 of the Dungeon.
You worshipped Beogh.
Beogh was noncommittal.
You visited 1 branch of the dungeon, and saw 3 of its levels.

You collected 68 gold pieces.

Inventory:

Hand Weapons
 a - a +0 war axe (weapon)
Armour
 b - a +0 scale mail (worn)
 c - a +0 buckler (worn)
Jewellery
 h - a ring of wizardry (left hand)
Scrolls
 j - a scroll of teleportation {unknown}
 l - a scroll of identify
Potions
 f - a potion of flight
 g - a potion of degeneration {unknown}
 i - a potion of mutation
 k - a potion of heal wounds {unknown}


   Skills:
 + Level 5.0 Fighting
 + Level 4.8 Axes
 + Level 4.1 Armour
 + Level 0.6 Dodging
 + Level 0.2 Stealth
 + Level 4.0 Shields


You had 4 spell levels left.
You didn't know any spells.
Your spell library was empty.

Dungeon Overview and Level Annotations

Branches:
Dungeon (3/15)

Altars:

Annotations:
D:3 Grinder


Innate Abilities, Weirdness & Mutations

You occasionally shout uncontrollably at your foes.
You are weak. (Str -2)


Message History

Grinder is severely wounded.
Grinder hits you.
* * * LOW HITPOINT WARNING * * *
You writhe in agony.
* * * LOW HITPOINT WARNING * * *
You closely miss Grinder.
Grinder is severely wounded.
Grinder gestures at you.
You suddenly lose the ability to move!
Grinder gestures at you.
You shrug off the repeated paralysis!
Grinder hits you.
* * * LOW HITPOINT WARNING * * *
You writhe in agony.
* * * LOW HITPOINT WARNING * * *
Grinder gestures at you.
You shrug off the repeated paralysis!
You can move again.
You feel better. Grinder gestures at you. Pain shoots through your body!
* * * LOW HITPOINT WARNING * * *
It was a potion of mutation.
You feel extremely strange.
You feel the urge to shout.
You feel weaker. You block Grinder's attack.
You feel very mighty all of a sudden. Grinder gestures at you.
You resist with significant effort.
You barely miss Grinder.
Grinder is severely wounded.
Grinder blinks!
You hit Grinder.
Grinder is almost dead.
Grinder gestures at you. Pain shoots through your body!
* * * LOW HITPOINT WARNING * * *
You barely miss Grinder.
Grinder is almost dead.
Grinder hits you.
You die...

.....÷..###### #...........#
.÷......#.....####<..........#
÷÷...........................#
÷......##.###................#
....#.## .# #.....##.........#
#.#.#... ###.....##.#.#####.#
#.#.....# #.....###.#.####
#.#####.## #.###5# #.#....#
#.# ...# # #@# #...##.# #.#
#..# #.###.#####.##.####.#
..###.#..#
#........##.#.......#
......#..#
#####.#####....######
...####..# .###.# ###.## ...#
#..###.....# #.#
...####......###########.#
.....o......#.....##.....#
######†##.........##'#####


You could see Grinder.

Vanquished Creatures
  Sigmund (D:3)
  A hound (D:3)
  A centaur skeleton (D:3)
  Terence (D:2)
  An adder (D:3)
  A dart slug (D:1)
  2 ball pythons (D:2)
  5 endoplasms
  3 giant cockroaches (D:1)
  3 goblins (D:1)
  3 hobgoblins
  12 jackals
  3 kobolds
  7 bats
  4 rats
48 creatures vanquished.

Vanquished Creatures (others)
  A giant cockroach (D:3)
  A goblin (D:3)
  A quokka (D:3)
  A ball python (D:3)
  2 bats (D:3)
  A frilled lizard (D:3)
  A rat (D:3)
8 creatures vanquished.

Grand Total: 56 creatures vanquished

Notes
Turn   | Place    | Note
-------+----------+-------------------------------------------
     0 | D:1      | lonewolfV2 the Hill Orc Fighter began the quest for the
                  | Orb.
     0 | D:1      | Reached XP level 1. HP: 19/19 MP: 1/1
   108 | D:1      | Reached XP level 2. HP: 20/27 MP: 2/2
   484 | D:1      | Found a faded altar of an unknown god.
   729 | D:1      | Reached skill level 4 in Fighting
   812 | D:1      | Reached XP level 3. HP: 29/33 MP: 3/3
  1126 | D:2      | Noticed Terence
  1137 | D:2      | Killed Terence
  1346 | D:2      | Reached XP level 4. HP: 41/41 MP: 4/4
  1701 | D:3      | Became a worshipper of Beogh the Brigand
  1856 | D:3      | Reached XP level 5. HP: 16/47 MP: 5/5
  2205 | D:3      | Noticed Sigmund
  2228 | D:3      | Killed Sigmund
  2229 | D:3      | Reached skill level 5 in Fighting
  2350 | D:3      | Noticed Grinder
  2380 | D:3      | Paralysed by Grinder for 4 turns
  2385 | D:3      | Gained mutation: You occasionally shout uncontrollably at
                  | your foes. [potion of mutation]
  2385 | D:3      | Gained mutation: You are weak. (Str -2) [potion of
                  | mutation]
  2389 | D:3      | HP: 1/48 [Grinder/nerve-wracking pain (7)]
  2390 | D:3      | Slain by Grinder

Illustrated notes

Levels and vault maps discovered:
D:1:      zelgadis_glass_arrival_small, layout_basic,
          dreamdust_ecumenical_altar_grove
D:2:      layout_rooms, uniq_terence
D:3:      layout_basic, gammafunk_ghost_necromancy, uniq_grinder, uniq_sigmund

Skill      XL: |  1  2  3  4  5 |
---------------+----------------+-----
Axes           | 3 4 |  4.8
Fighting       | 4 5 |  5.0
Armour         | 4 |  4.1
Shields        | 4 |  4.0
Dodging        | |  0.6
Stealth        | |  0.2

Action                   |  1- 3 |  4- 6 || total
-------------------------+-------+-------++-------
Melee: War axe           |    96 |    69 ||   165
Invok: Convert to Beogh  |       |     1 ||     1
  Use: Scroll            |     3 |       ||     3
       Potion            |       |     4 ||     4
Armor: Scale mail        |    72 |    35 ||   107
Dodge: Dodged            |    78 |    39 ||   117
Block: Buckler           |    28 |    23 ||    51
